AoeStats
← dorHOBBIT

Arabian Desert

508621631Analyzed
1v1 RM · 10d ago on Sep 23, 2026· 25m 3s· 2 players
Game mode
Random Map
Map size
Tiny (2 player)
Population
200
Speed
Normal
Resources
Standard
Victory
Conquest
Starting age
Dark Age
Ending age
Imperial Age
RankedLock teamsTeams togetherTeam positionsShared explorationLock speedFull tech treeHidden civsTurbo modeCheats
Victory
Defeat
🇦🇺 Britons · Australia
553
+10
🇩🇪 Teutons · Germany
426
-10
Niemmapi
10:04 Feudal Age
8:20 Loom
12:11 Horse Collar
12:39 Man-at-Arms
18:03 Scale Mail Armor
19:58 Forging
24:16 Fletching
24:27 Padded Archer Armor
dorHOBBIT
16:25 Feudal Age
16:36 Man-at-Arms
18:07 Town Watch
19:12 Double-Bit Axe
19:10 Horse Collar
19:55 Town Watch
21:47 Scale Mail Armor
22:01 Forging
21:52 Scale Mail Armor
24:03 Fletching
24:14 Padded Archer Armor
24:33 Gold Mining
Connection lost

Rejoining the realm…

Still unreachable

The connection could not be restored.

Session expired

The server has moved on; the page needs a fresh start.